 Dungeon Crawl Stone Soup version 0.24-a0-487-g57318f2ed0 (webtiles) character file.

Game seed: 15391568262152956481

4776 KristoblXynda the Cleaver (level 10, -3/70 HPs)
             Began as a Demonspawn Fighter on July 10, 2019.
             Was a Follower of Qazlal.
             Slain by a death yak (22 damage)
             ... on level 8 of the Dungeon.
             The game lasted 00:14:07 (9095 turns).

KristoblXynda the Cleaver (Demonspawn Fighter)      Turns: 9095, Time: 00:14:08

Health: -3/70      AC: 13    Str: 19    XL:     10   Next: 23%
Magic:  14/14      EV: 13    Int: 10    God:    Qazlal [*.....]
Gold:   231        SH:  7    Dex: 13    Spells: 9/9 levels left

rFire    . . .     SeeInvis .   a - +0 war axe
rCold    . . .     Gourm    .   y - +0 buckler
rNeg     . . .     Faith    .   b - +0 scale mail
rPois    .         Spirit   .   s - +0 helmet
rElec    .         Reflect  .   o - +0 cloak
rCorr    .         Harm     .   (no gloves)
MR       .....                  (no boots)
Stlth    ..........             (no amulet)
HPRegen  1.21/turn              u - ring of wizardry
MPRegen  0.14/turn              t - +3 ring of protection

@: no status effects
A: claws 2, powered by death 3, sturdy frame 1
a: Renounce Religion


You were on level 8 of the Dungeon.
You worshipped Qazlal.
Qazlal was aware of your devotion.
You were hungry.

You visited 2 branches of the dungeon, and saw 9 of its levels.

You collected 335 gold pieces.
You spent 104 gold pieces at shops.

Inventory:

Hand Weapons
 a - a +0 war axe (weapon)
 A - a cursed +4 morningstar
Armour
 b - a +0 scale mail (worn)
 c - a +0 shield
 o - a +0 cloak (worn)
 s - a +0 helmet (worn)
 y - a +0 buckler (worn)
Jewellery
 h - an uncursed ring of magical power
 t - a +3 ring of protection (right claw)
 u - a ring of wizardry (left claw)
Wands
 x - a wand of clouds (7)
Scrolls
 e - 2 scrolls of immolation
 g - 4 scrolls of teleportation
 j - 2 scrolls of remove curse
 k - a scroll of magic mapping {unknown}
 m - a scroll of fog {unknown}
 q - a scroll of fear {unknown}
 B - a scroll of random uselessness {unknown}
 D - a scroll of blinking {unknown}
Potions
 d - 2 potions of might
 l - a potion of brilliance
 n - a potion of ambrosia {unknown}
 p - 3 potions of curing
 r - 2 potions of agility
 v - a potion of resistance {unknown}
 w - a potion of invisibility
 z - 2 potions of lignification
Miscellaneous
 i - a phial of floods (inert)
Comestibles
 f - 22 rations


   Skills:
 - Level 3.0 Fighting
 + Level 8.4 Axes
 + Level 7.0 Armour
 + Level 4.6 Dodging
 - Level 5.0 Shields
 + Level 5.8 Invocations
 - Level 5.0 Evocations


You had 9 spell levels left.
You didn't know any spells.
Your spell library contained the following spells:

 Spells                   Type           Power        Failure   Level  Hunger
 Confusing Touch          Hex            #.....       26%         1    ##.....
 Magic Dart               Conj           #...         26%         1    ##.....
 Summon Butterflies       Summ           #.......     26%         1    ##.....
 Summon Small Mammal      Summ           #...         26%         1    ##.....
 Blink                    Tloc           N/A          38%         2    ###....
 Call Imp                 Summ           #.......     38%         2    ###....
 Slow                     Hex            #.......     38%         2    ###....
 Call Canine Familiar     Summ           #.......     61%         3    ####...
 Confuse                  Hex            #.......     61%         3    ####...
 Conjure Flame            Conj/Fire      #.......     61%         3    ####...
 Gell's Gravitas          Tloc           #.........   61%         3    ####...
 Mephitic Cloud           Conj/Pois/Air  #.......     61%         3    ####...
 Summon Guardian Golem    Hex/Summ       #.......     61%         3    ####...
 Petrify                  Tmut/Erth      #.......     93%         4    #####..
 Summon Ice Beast         Ice/Summ       #.......     93%         4    #####..
 Summon Lightning Spire   Summ/Air       #.......     93%         4    #####..
 Metabolic Englaciation   Hex/Ice        #.........   99%         5    ######.
 Summon Mana Viper        Hex/Summ       #.......     99%         5    ######.
 Yara's Violent Unravell  Hex/Tmut       #.........   99%         5    ######.
 Summon Hydra             Summ           #.........   100%        7    #######


Dungeon Overview and Level Annotations

Branches:
Dungeon (8/15)             Temple (1/1) D:7
   Lair: D:8-11

Altars:
Ashenzari
Cheibriados
Dithmenos
Elyvilon
Fedhas
Hepliaklqana
Kikubaaqudgha
Nemelex Xobeh
Okawaru
Qazlal
Ru
Sif Muna
Trog
Uskayaw
Vehumet
Wu Jian
Xom
Yredelemnul
The Shining One

Shops:
D:4 [%}(!   D:5 ?

Annotations:
D:3 2 transporters, Kuinu's ghost, amateur MiBe


Innate Abilities, Weirdness & Mutations

You have very sharp fingernails.
You regenerate a lot of health from kills.
Your movements are slightly less encumbered by armour. (ER -2)


Message History

The yak is engulfed in noxious fumes.
The yak appears confused.
You slash the death yak!
The death yak is severely wounded.
The death yak is engulfed in noxious fumes.
The death yak misses you.
The yak is engulfed in noxious fumes.
The yak appears confused.
The yak gores the death yak.
The yak gores itself.
You hit the death yak.
The death yak is almost dead.
The death yak is engulfed in noxious fumes.
You block the death yak's attack.
The yak is engulfed in noxious fumes.
The yak appears confused.
You kill the yak!
Qazlal accepts your kill.
You hit the death yak but do no damage.
The death yak is almost dead.
The death yak is engulfed in noxious fumes.
The yak is engulfed in noxious fumes.
The yak appears confused.
The death yak is engulfed in noxious fumes.
The death yak gores you!!
You die...

###....# #
####......# ##
...........# #.
######.....# #.
###...## ##.
##...#####..
##...........
########...........)
#..@Y§Y††...........
#######°Y........?..
#.....#.......
#Y...###......
#....# ##.....
###.s.# #.....
#.#####.....# ##..>.
#..........## #....
#.....###..Y#####Y.≈


You could see a death yak (confused) and 2 yaks.

Vanquished Creatures
  2 death yaks (D:8)
  Joseph (D:7)
  A spriggan (D:7)
  Eustachio (D:4)
  A wraith (D:6)
  2 yaks (D:8)
  A hungry ghost (D:8)
  Menkaure (D:6)
  A hornet zombie (D:6)
  2 ice beasts (D:7)
  3 ogres
  2 centaurs
  5 bullfrogs
  2 scorpions
  4 wights (D:6)
  12 crimson imps
  A quasit (D:7)
  A centaur zombie (D:6)
  4 hounds
  A jelly (D:5)
  3 orc priests
  A bullfrog skeleton (D:6)
  Crazy Yiuf (D:6)
  A gnoll shaman (D:6)
  An orc wizard (D:7)
  Ijyb (D:4)
  Natasha (twice) (D:4)
  12 worker ants
  A hound zombie (D:8)
  A howler monkey zombie (D:6)
  2 worker ant zombies
  12 gnolls
  10 adders
  2 shadow imps (D:7)
  A white imp (D:7)
  An adder zombie (D:6)
  A worm (D:3)
  A dart slug (D:1)
  16 orcs
  3 bats
  7 giant cockroaches
  3 goblins
  9 hobgoblins
  6 quokkas
  6 ball pythons
  7 frilled lizards
  A giant cockroach zombie (D:6)
  A jackal skeleton (D:5)
  10 kobolds
  8 rats
179 creatures vanquished.

Notes
Turn   | Place    | Note
-------+----------+-------------------------------------------
     0 | D:1      | KristoblXynda the Demonspawn Fighter began the quest for
                  | the Orb.
     0 | D:1      | Reached XP level 1. HP: 18/18 MP: 1/1
    53 | D:1      | Reached skill level 2 in Axes
    96 | D:1      | Gained mutation: You regenerate a little health from kills.
                  | [demonic ancestry]
    96 | D:1      | Reached XP level 2. HP: 11/24 MP: 2/2
  1192 | D:2      | Gained mutation: You have sharp fingernails. [demonic
                  | ancestry]
  1192 | D:2      | Reached XP level 3. HP: 29/29 MP: 3/3
  1431 | D:2      | Found a sacrificial altar of Ru.
  1431 | D:2      | Found a bloodstained altar of Trog.
  1433 | D:2      | Found a hazy altar of Hepliaklqana.
  1476 | D:2      | Found a basalt altar of Yredelemnul.
  1477 | D:2      | Found a shattered altar of Ashenzari.
  2285 | D:3      | Reached skill level 3 in Axes
  2311 | D:3      | Reached XP level 4. HP: 25/35 MP: 4/4
  2434 | D:3      | Found a transporter.
  2435 | D:3      | Noticed a bullfrog
  2436 | D:3      | Noticed Kuinu's ghost (amateur MiBe)
  2437 | D:3      | Found a transporter.
  3299 | D:3      | Gained mutation: You regenerate health from kills. [demonic
                  | ancestry]
  3299 | D:3      | Reached XP level 5. HP: 21/41 MP: 5/5
  3502 | D:4      | HP: 1/41 [poisoned by a worker ant]
  3550 | D:4      | Noticed Ijyb
  3559 | D:4      | HP: 1/41 [Ijyb/burst of metal fragments (7)]
  3560 | D:4      | Killed Ijyb
  3813 | D:4      | Noticed an ogre
  3835 | D:3      | HP: 2/41 [poisoned by a worker ant]
  3836 | D:3      | Reached skill level 4 in Axes
  4143 | D:4      | Gained mutation: Your movements are slightly less
                  | encumbered by armour. (ER -2) [demonic ancestry]
  4143 | D:4      | Reached XP level 6. HP: 33/47 MP: 6/6
  4402 | D:4      | Found Urymuaw's Distillery.
  4409 | D:4      | Bought a potion of heal wounds for 65 gold pieces
  4409 | D:4      | Bought a potion of curing for 39 gold pieces
  4459 | D:4      | You fall into a shaft and drop 1 floor!
  4459 | D:5      | Entered Level 5 of the Dungeon
  4548 | D:4      | Found Udaruuvi's Food Shop.
  4556 | D:4      | Reached skill level 5 in Axes
  4628 | D:4      | Found Ylajen's Armour Shop.
  4782 | D:4      | Noticed Eustachio
  4813 | D:4      | HP: 2/47 [Eustachio/+1 falchion of electrocution (13)]
  4814 | D:4      | Killed Eustachio
  4814 | D:4      | Gained mutation: You have very sharp fingernails. [demonic
                  | ancestry]
  4814 | D:4      | Reached XP level 7. HP: 2/52 MP: 7/7
  5119 | D:4      | Noticed Natasha
  5128 | D:4      | Killed Natasha
  5261 | D:4      | Found Uzacw's Antique Weapon Emporium.
  5309 | D:4      | Noticed Natasha
  5323 | D:4      | Killed Natasha
  5333 | D:4      | Found Cofi's Gadget Shop.
  5520 | D:5      | Found a hazy altar of Hepliaklqana.
  5654 | D:5      | Found Dexzisir's Magic Scroll Boutique.
  5681 | D:5      | You fall into a shaft and drop 2 floors!
  5730 | D:7      | Got a slimy leather armour
  5741 | D:7      | Identified the cursed +1 leather armour of Conscience {+Inv
                  | rElec Str-4 Int+7} (You found it on level 7 of the Dungeon)
  5831 | D:7      | Reached skill level 6 in Axes
  5834 | D:7      | Reached skill level 1 in Evocations
  6112 | D:7      | Reached skill level 5 in Armour
  6112 | D:7      | Reached XP level 8. HP: 34/58 MP: 7/9
  6288 | D:7      | Reached skill level 5 in Shields
  6460 | D:7      | Reached skill level 1 in Dodging
  6868 | D:7      | Noticed Joseph
  6872 | D:7      | Found a staircase to the Ecumenical Temple.
  6890 | D:7      | Killed Joseph
  6890 | D:7      | Reached skill level 7 in Axes
  6930 | Temple   | Entered the Ecumenical Temple
  6937 | Temple   | Became a worshipper of Qazlal Stormbringer
  7007 | D:7      | Found an ancient bone altar of Kikubaaqudgha.
  7150 | D:7      | Reached skill level 1 in Invocations
  7328 | D:7      | Found a basalt altar of Yredelemnul.
  7336 | D:7      | Reached XP level 9. HP: 63/63 MP: 11/11
  7517 | D:7      | Got a brightly glowing ring mail
  7528 | D:7      | Identified the cursed +0 ring mail of Lacuxuu {Stlth+} (You
                  | found it on level 7 of the Dungeon)
  7711 | D:6      | Reached * piety under Qazlal
  7883 | D:6      | Found a runed translucent door.
  7884 | D:6      | Noticed Crazy Yiuf
  7905 | D:6      | Killed Crazy Yiuf
  8275 | D:6      | Noticed Menkaure
  8282 | D:6      | Killed Menkaure
  8605 | D:6      | Reached skill level 8 in Axes
  8822 | D:5      | Found an ornate altar of the Wu Jian Council.
  9023 | D:8      | Reached skill level 5 in Invocations
  9031 | D:8      | Reached skill level 5 in Evocations
  9050 | D:8      | Noticed a death yak
  9051 | D:8      | Noticed a death yak
  9051 | D:8      | Noticed a death yak
  9083 | D:8      | Gained mutation: You regenerate a lot of health from kills.
                  | [demonic ancestry]
  9083 | D:8      | Reached XP level 10. HP: 33/70 MP: 13/13
  9085 | D:8      | Killed a death yak
  9086 | D:8      | Killed a death yak
  9095 | D:8      | Slain by a death yak

Levels and vault maps discovered:
D:1:      kennysheep_arrival_seaside, layout_loops_ring
D:2:      layout_loops_corners, nicolae_overflow_hidden_temple, first_ration
D:3:      layout_basic, gammafunk_ghost_arena, minmay_cut_off
D:4:      layout_basic, serial_shops, nicolae_shop_competitors_out_of_business,
          nicolae_shop_window_shopping, nicolae_shop_behind_doors,
          nicolae_shop_crystal, nicolae_shop_waterfront,
          kennysheep_generic_room_13, uniq_ijyb, uniq_eustachio, uniq_natasha
D:5:      layout_gridville, old_standard_altar, basic_altar, serial_shops,
          nicolae_shop_behind_doors
D:6:      layout_basic, minmay_misc_feat_enclosed, kennysheep_diamond,
          uniq_menkaure, uniq_crazy_yiuf_cottage
D:7:      layout_loops_ring, marbit_many_paths,
          minmay_temple_entry_proselytizer, basic_altar, the_bakery,
          minmay_nine_imps, uniq_joseph
D:8:      layout_layer_cave, gammafunk_temple_overflow_arena,
          dpeg_lair_monsters, grunt_ministairs_1, lemuel_old_faithful,
          uniq_harold
Temple:   nicolae_temple_no_exploring_needed

Skill      XL: |  1  2  3  4  5  6  7  8  9 10 |
---------------+-------------------------------+-----
Axes           | 2 3 4 5 6 7 8 |  8.4
Armour         | 3 4 5 6 7 |  7.0
Shields        | 3 4 5 |  5.0
Evocations     | 1 3 5 |  5.0
Dodging        | 2 4 |  4.6
Invocations    | 1 5 |  5.8
Fighting       | |  3.0

Action                   |  1- 3 |  4- 6 |  7- 9 | 10-12 || total
-------------------------+-------+-------+-------+-------++-------
Melee: War axe           |   131 |   156 |   553 |    11 ||   851
Evoke: Wand              |       |     8 |     4 |       ||    12
       Phial of floods   |       |       |     1 |       ||     1
  Use: Potion            |       |     4 |     3 |       ||     7
       Scroll            |       |     4 |     5 |       ||     9
 Stab: Sleeping          |       |       |     1 |       ||     1
       Confused          |       |       |     2 |     1 ||     3
  Eat: Chunk             |     5 |     8 |    11 |       ||    24
       Ration            |       |       |     3 |       ||     3
Armor: Scale mail        |    46 |   101 |   189 |     1 ||   337
       Leather armour    |       |       |    32 |       ||    32
       Ring mail         |       |       |    12 |       ||    12
Dodge: Dodged            |    31 |    62 |   297 |     1 ||   391
Block: Shield            |    73 |   135 |   158 |       ||   366
       Buckler           |       |       |    99 |     2 ||   101

Table legend:
 A = Non-vault XP
 B = Vault XP
 C = Vault XP percentage of total XP
 D = Non-vault monster count
 E = Vault monster count
 F = Vault count percentage of total count
                 A         B        C        D         E       F
            +---------+---------+-------+---------+---------+-------
      Total |    3557 |    3266 |  47.9 |     150 |      29 |  16.2
            +---------+---------+-------+---------+---------+-------
        D:1 |      38 |       0 |   0.0 |      24 |       0 |   0.0
        D:2 |      36 |       0 |   0.0 |      16 |       0 |   0.0
        D:3 |     136 |       6 |   4.2 |      22 |       3 |  12.0
        D:4 |     524 |     285 |  35.2 |      18 |       3 |  14.3
        D:5 |     150 |       0 |   0.0 |       7 |       0 |   0.0
        D:6 |    1186 |     454 |  27.7 |      31 |       5 |  13.9
        D:7 |    1073 |    1121 |  51.1 |      27 |      13 |  32.5
        D:8 |     414 |    1400 |  77.2 |       5 |       5 |  50.0
            +---------+---------+-------+---------+---------+-------
